 Dungeon Crawl Stone Soup version 0.27.0-1-g7a089689b8 (webtiles) character file.

Game seed: 15204295463080926477

233 Fv001 the Gusty (level 6, 0/25 (32) HPs)
             Began as a Tengu Air Elementalist on Aug 12, 2021.
             Slain by Edmund (2 damage)
             ... on level 4 of the Dungeon on Aug 13, 2021.
             The game lasted 00:09:43 (3970 turns).

Fv001 the Gusty (Tengu Air Elementalist)            Turns: 3970, Time: 00:09:44

HP:   0/25 (32)     AC:  2    Str: 10    XL:     6   Next: 4%
MP:   10/12         EV: 15    Int: 16    God:
Gold: 198           SH:  0    Dex: 14    Spells: 7/12 levels left

rFire    . . .     SeeInvis +   a - +1 short sword (venom)
rCold    . . .     Faith    .   (no shield)
rNeg     . . .     Spirit   .   d - +0 robe
rPois    .         Reflect  .   (helmet restricted)
rElec    .         Harm     .   (no cloak)
rCorr    .         Rampage  .   (no gloves)
Will     .....                  (boots unavailable)
Stlth    ++........             (no amulet)
HPRegen  0.08/turn              j - ring of see invisible
MPRegen  0.13/turn              (no ring)

@: flying quickly and evasively, heavily drained, quick
A: beak, talons 3, nimble flight
a: no special abilities


You were on level 4 of the Dungeon.
You visited 1 branch of the dungeon, and saw 4 of its levels.

You collected 198 gold pieces.

Inventory:

Hand Weapons
 a - a +1 short sword of venom (weapon)
 b - a +0 dagger
Armour
 d - a +0 robe (worn)
 f - a +0 ring mail
 m - a +1 scale mail of poison resistance
 o - a +0 leather armour
Jewellery
 j - a ring of see invisible (left hand)
 n - a ring of ice
Scrolls
 c - 2 scrolls of magic mapping
 e - 2 scrolls of acquirement
 g - a scroll of fear
 h - 2 scrolls of teleportation
 k - a scroll of torment
Potions
 i - a potion of might
 l - a potion of attraction {unknown}
 p - a potion of haste {unknown}


   Skills:
 + Level 0.4 Short Blades
 + Level 2.5 Dodging
 + Level 2.3 Stealth
 + Level 3.7 Spellcasting
 + Level 2.5 Conjurations
 + Level 6.3 Air Magic


You had 7 spell levels left.
You knew the following spells:

 Your Spells              Type           Power      Damage    Failure   Level
a - Shock                 Conj/Air       68%        1d7       2%          1
b - Swiftness             Air            23%        N/A       3%          3
c - Magic Dart            Conj           44%        1d5       6%          1

Your spell library contained the following spells:

 Spells                   Type           Power      Damage    Failure   Level
 Static Discharge         Conj/Air       17%        N/A       4%          2
 Airstrike                Air            11%        N/A       13%         4
 Mephitic Cloud           Conj/Pois/Air  12%        N/A       16%         3
 Call Imp                 Summ           2%         N/A       26%         2
 Call Canine Familiar     Summ           2%         N/A       45%         3
 Portal Projectile        Hex/Tloc       4%         N/A       45%         3
 Leda's Liquefaction      Hex/Erth       1%         N/A       86%         4


Dungeon Overview and Level Annotations

Branches:
Dungeon (4/15)
 Temple: D:4-7

Altars:
Kikubaaqudgha

Annotations:
D:2 exclusion: hobgoblin, Sigmund
D:4 Edmund


Innate Abilities, Weirdness & Mutations

You have a beak for a mouth.
You have claws for feet.
Your magical nature lets you fly swiftly and evasively.


Message History

The withered plant is lightly damaged.
Aiming: Shock (safe; 2% risk of failure)
Press: ? - help, Q - select action, (/) - cycle Shift-Dir - straight line, f/p - Edmund
Aim: Edmund, wielding a +1 flail of draining and wearing a +0 ring mail (lightly wounded, 75% to hit)
The zap hits the withered plant.
The withered plant is lightly damaged.
The zap hits Edmund.
Edmund is lightly wounded.
The zap hits the withered plant.
The withered plant is lightly damaged.
Casting: Shock (safe; 2% risk of failure)
Confirm with . or Enter, or press ? or * to list all spells.
You feel quick.
The withered plant crumbles away.
You closely miss Edmund.
Edmund is lightly wounded.
Edmund hits you with a +1 flail of draining!
You feel drained.
Edmund hits you with a +1 flail of draining.
You feel drained.
You barely miss Edmund. Your peck misses Edmund.
Edmund is lightly wounded.
The withered plant crumbles away.
Edmund hits you with a +1 flail of draining.
You feel drained.
You barely miss Edmund. You claw Edmund, but do no damage.
Edmund is lightly wounded.
Edmund hits you with a +1 flail of draining.
* * * LOW HITPOINT WARNING * * *
You feel drained.
* * * LOW HITPOINT WARNING * * *
You see here 24 bolts.
You start to feel a little slower.
You feel sluggish.
Found 7 gold pieces.
You start to feel a little faster.
You no longer feel sluggish.
Edmund hits you with a +1 flail of draining!
* * * LOW HITPOINT WARNING * * *
You feel drained.
You die...

... ... .. # .#.# #$##
.# ... #..# .# ..
..##.###. .
###########.#......
#....@@.......########
.#...#.######..#.......
................##.._..#
#.........)....P........
###....................P
..................###.P
###............#....#P..
#..............PPP....
#...........#.#....PP.


You could see Edmund.

Vanquished Creatures
  An orc priest (D:2)
  2 orc wizards (D:3)
  6 adders
  A gnoll (D:1)
  A worm (D:3)
  7 orcs
  11 ball pythons
  10 endoplasms
  2 giant cockroaches
  4 hobgoblins
  2 jackals (D:4)
  4 quokkas
  A bat (D:1)
  6 frilled lizards
  7 goblins
  13 kobolds
  2 rats
80 creatures vanquished.

Vanquished Creatures (others)
  5 plants
  4 withered plants (D:4)
9 creatures vanquished.

Grand Total: 89 creatures vanquished

Notes
Turn   | Place    | Note
-------+----------+-------------------------------------------
     0 | D:1      | Fv001 the Tengu Air Elementalist began the quest for the
                  | Orb.
     0 | D:1      | Reached XP level 1. HP: 10/10 MP: 4/4
   231 | D:1      | Reached XP level 2. HP: 15/15 MP: 4/6
   258 | D:1      | Found a faded altar of an unknown god.
   569 | D:1      | Reached XP level 3. HP: 19/19 MP: 3/7
   573 | D:1      | Learned a level 3 spell: Swiftness
   626 | D:1      | Learned a level 1 spell: Magic Dart
  1190 | D:2      | Reached skill level 5 in Air Magic
  1301 | D:2      | Reached XP level 4. HP: 19/24 MP: 4/9
  1779 | D:2      | Noticed Sigmund
  2325 | D:2      | Gained mutation: Your magical nature lets you fly swiftly
                  | and evasively. [Tengu growth]
  2325 | D:2      | Reached XP level 5. HP: 5/28 MP: 8/10
  3423 | D:3      | Reached skill level 6 in Air Magic
  3424 | D:3      | Identified 2 scrolls of acquirement
  3823 | D:4      | Reached XP level 6. HP: 27/32 MP: 8/12
  3907 | D:4      | Found an ancient bone altar of Kikubaaqudgha.
  3932 | D:4      | Noticed Edmund
  3970 | D:4      | Slain by Edmund

Illustrated notes

Levels and vault maps discovered:
D:1:      dpeg_arrival_tiny_b, layout_loops_ring, shapermc_ecumenical_altar_gd,
          minmay_pentomino_q2
D:2:      layout_basic, lexackson_kobold_supper, uniq_sigmund
D:3:      layout_loops_ring
D:4:      layout_basic, kiku_gazebo_garden_becter, minmay_temple_entry_waves,
          minmay_quadrilaterals, uniq_edmund

Skill      XL: |  1  2  3  4  5 |
---------------+----------------+-----
Air Magic      | 5 6 |  6.3
Conjurations   | 2 |  2.5
Spellcasting   | 3 |  3.7
Short Blades   | |  0.4
Dodging        | |  2.5
Stealth        | |  2.3

Action                   |  1- 3 |  4- 6 || total
-------------------------+-------+-------++-------
Melee: Short sword       |     8 |    31 ||    39
       Kick              |     3 |     6 ||     9
       Peck              |     2 |     5 ||     7
 Cast: Shock             |    56 |    89 ||   145
       Swiftness         |     1 |     4 ||     5
  Use: Scroll            |     5 |     1 ||     6
Armor: Robe              |     2 |     4 ||     6
Dodge: Dodged            |     3 |    21 ||    24
